 Dungeon Crawl Stone Soup version 0.29.1-15-g9cfb28693d (webtiles) character file.

Game seed: 12522849860888215146

63 AccursedSamuel the Trooper (level 4, -15/37 HPs)
             Began as a Formicid Abyssal Knight on Aug 8, 2023.
             Was a Priest of Lugonu.
             Demolished by an ogre
             ... wielding a +0 giant club
              (26 damage)
             ... on level 3 of the Dungeon.
             The game lasted 00:07:45 (2910 turns).

AccursedSamuel the Trooper (FoAK)                   Turns: 2910, Time: 00:07:46

Health: -15/37     AC:  6    Str: 17    XL:     4   Next: 31%
Magic:  5/5        EV: 10    Int: 10    God:    Lugonu [***...]
Gold:   178        SH:  5    Dex: 16    Spells: 3/3 levels left

rFire   . . .      SeeInvis +   d - +2 dagger (venom)
rCold   . . .      Faith    .   e - orb {guile}
rNeg    . . .      Spirit   .   s - +0 scale mail
rPois   +          Reflect  +   (helmet unavailable)
rElec   .          Harm     .   (no cloak)
rCorr   .          Rampage  .   (no gloves)
Will    .....                   (no boots)
Stlth   +.........              k - amulet of reflection
HPRegen 0.12/turn               f - ring of poison resistance
MPRegen 0.09/turn               (no ring)

@: no status effects
A: permanent stasis, dig shafts and tunnels, antennae 3, four strong arms
a: Dig, Shaft Self, Renounce Religion, Depart the Abyss, Bend Space, Banish


You were on level 3 of the Dungeon.
You worshipped Lugonu.
Lugonu was most pleased with you.
You visited 1 branch of the dungeon, and saw 3 of its levels.
You visited the Abyss 1 time.

You collected 178 gold pieces.

Inventory:

Hand Weapons
 a - a +1 falchion
 d - a +2 dagger of venom (weapon)
Armour
 e - an orb of guile (worn)
 s - a +0 scale mail (worn)
Jewellery
 f - a ring of poison resistance (left hand)
 k - an amulet of reflection (around neck)
 o - a ring of see invisible
Wands
 p - a wand of roots (2)
 t - a wand of flame (23)
 u - a wand of mindburst (10)
Scrolls
 c - 5 scrolls of amnesia {unknown}
 g - 2 scrolls of identify {unknown}
 h - a scroll of fear {unknown}
 l - a scroll of teleportation {unknown}
 q - a scroll of butterflies {unknown}
 r - a scroll of magic mapping {unknown}
Potions
 b - a potion of might {unknown}
 i - a potion of flight {unknown}
 j - 2 potions of magic {unknown}
 m - 2 potions of resistance {unknown}
 n - a potion of lignification {unknown}


   Skills:
 + Level 4.2 Fighting
 + Level 0.7(1.6) Short Blades
 + Level 2.3(2.4) Long Blades
 + Level 2.3 Armour
 + Level 1.5 Dodging
 + Level 1.5 Stealth
 + Level 0.1 Shields
 + Level 2.2 Invocations


You had 3 spell levels left.
You didn't know any spells.
Your spell library contained the following spells:

 Spells                   Type           Power      Damage    Failure   Level
 Apportation              Tloc           0%         N/A       77%         1
 Necrotise                Necr           0%         1d4       77%         1
 Summon Small Mammal      Summ           0%         N/A       77%         1
 Ensorcelled Hibernation  Hex/Ice        0%         N/A       88%         2
 Passwall                 Tmut/Erth      0%         N/A       88%         2
 Conjure Flame            Conj/Fire      0%         6-21      98%         3
 Ignite Poison            Fire/Tmut/Pois 0%         N/A       98%         3
 Animate Dead             Necr           0%         N/A       100%        4
 Sticky Flame             Conj/Fire      0%         2d3       100%        4
 Borgnjor's Vile Clutch   Necr/Erth      0%         N/A       100%        5
 Death Channel            Necr           0%         N/A       100%        6
 Swiftness                Air            Unusable   N/A       N/A         3

Dungeon Overview and Level Annotations

Branches:
Dungeon (3/15)

Altars:


Innate Abilities, Weirdness & Mutations

You cannot be hasted, slowed, berserked, paralysed or teleported.
You can dig through walls and to a lower floor.
You have a pair of large antennae on your head. (SInv)
Your four strong arms can wield two-handed weapons with a shield.


Message History

u - a wand of mindburst (10)
Found a stone staircase leading up.
There is a stone staircase leading up here.
Found a ring mail.
Found a stone staircase leading down.
You pick up a book of Cantrips and begin reading...
You add the spells Necrotise, Summon Small Mammal and Apportation to your library.
An ogre comes into view. It is wielding a +0 giant club.
The ogre moves out of view.
An endoplasm comes into view.
The endoplasm quivers.
The ogre hits you with a +0 giant club!!
You hit the ogre.
The ogre is poisoned.
The ogre is lightly wounded.
You barely miss the ogre.
The ogre is lightly wounded.
The ogre closely misses you. The endoplasm barely misses you.
The endoplasm attacks as you move away! The endoplasm barely misses you.
The endoplasm attacks as you move away! The endoplasm hits you.
You hit the endoplasm.
The endoplasm is moderately wounded.
The endoplasm freezes you.
You are frozen.
You hit the endoplasm.
The endoplasm is poisoned.
The endoplasm is almost dead.
You kill the endoplasm!
Lugonu accepts your kill.
You hit the ogre.
The ogre looks even sicker.
The ogre is moderately wounded.
The ogre barely misses you.
You hit the ogre.
The ogre looks as sick as possible!
The ogre is moderately wounded.
The ogre hits you with a +0 giant club!
* * * LOW HITPOINT WARNING * * *
The ogre attacks as you move away! The ogre completely misses you.
The ogre attacks as you move away!
The ogre hits you with a +0 giant club!!
Ouch! That really hurt!
You die...

#........## ##
#.........####
###.##.......# ##
#.##...#.#.### #.
#.##...#.....# #.
... #.#######.##.#
#. ....... #.#
#..#.# ## .......
#.# ##.#.## .......
#@# #....###
.......###O#
###....##
.........#.##
#......
.......#.#..#
#####..
.......#....# ##..
.........#..####...
#...
########.#.........
#.#.
#.##.###..........#)
#####.##.#
#.....###.#.


You could see an ogre (very poisoned).

Vanquished Creatures
  An adder (D:2)
  6 bats
  5 endoplasms
  2 giant cockroaches
  3 hobgoblins (D:2)
  9 jackals
  3 quokkas
  3 ball pythons
  3 frilled lizards
  6 goblins
  4 kobolds
  3 rats
48 creatures vanquished.

Notes
Turn   | Place    | Note
-------+----------+-------------------------------------------
     0 | Abyss:1  | AccursedSamuel the Formicid Abyssal Knight began the quest
                  | for the Orb.
     0 | Abyss:1  | Reached XP level 1. HP: 18/18 MP: 2/2
     5 | D:1      | Escaped the Abyss
   186 | D:1      | Reached XP level 2. HP: 21/25 MP: 3/3
   237 | D:1      | Found a faded altar of an unknown god.
   260 | D:1      | Reached skill level 1 in Dodging
   932 | D:1      | Reached XP level 3. HP: 28/30 MP: 4/4
  1921 | D:2      | Reached skill level 4 in Fighting
  1973 | D:2      | Reached skill level 1 in Stealth
  2108 | D:2      | Reached *** piety under Lugonu
  2519 | D:3      | Reached XP level 4. HP: 37/37 MP: 5/5
  2893 | D:3      | Noticed an ogre
  2910 | D:3      | Demolished by an ogre

Illustrated notes

Levels and vault maps discovered:
D:1:      dpeg_arrival_rhombi, layout_basic,
          shapermc_ecumenical_altar_starsandcircs, minmay_pentomino_q2
D:2:      cheibrodos_old_hovel, layout_loops_corners
D:3:      layout_rooms

Skill      XL: |  1  2  3 |
---------------+----------+-----
Dodging        | 1 |  1.5
Fighting       | 4 |  4.2
Stealth        | 1 |  1.5
Short Blades   | |  0.7
Long Blades    | |  2.3
Armour         | |  2.3
Shields        | |  0.1
Invocations    | |  2.2

Action                   |  1- 3 |  4- 6 || total
-------------------------+-------+-------++-------
Melee: Falchion          |    10 |       ||    10
       Dagger            |    85 |    37 ||   122
 Stab: Sleeping          |     1 |       ||     1
Armor: Leather armour    |    44 |     6 ||    50
       Scale mail        |       |    11 ||    11
Dodge: Dodged            |   111 |    29 ||   140
Block: Orb               |       |    11 ||    11
